 Dungeon Sprint DCSS version 0.29-a0-275-g389c0b56f3 (webtiles) character file.

Game seed: 9980144794148874741

107 Anunax the Arsonist (level 6, -10/31 HPs)
             Began as a Felid Cinder Acolyte on Mar 10, 2022.
             Was a High Priest of Ignis.
             Mangled by a giant anaconda (13 damage)
             ... in the Dungeon (Sprint VI: "Thunderdome").
             The game lasted 00:08:40 (790 turns).

Anunax the Arsonist (Felid Cinder Acolyte)           Turns: 790, Time: 00:08:41

Health: -10/31     AC:  2    Str: 16    XL:     6   Next: 71%
Magic:  23/29      EV: 14    Int: 20    God:    Ignis [*****.]
Gold:   99         SH:  0    Dex: 15    Spells: 22/25 levels left
                                        Lives:  0   Deaths: 2

rFire   + . .      SeeInvis +     - Unarmed
rCold   . . .      Faith    .   (shield unavailable)
rNeg    . . .      Spirit   .   (body armour unavailable)
rPois   .          Reflect  .   (helmet unavailable)
rElec   .          Harm     .   (cloak unavailable)
rCorr   .          Rampage  .   (gloves unavailable)
Will    .....      NoTele   +   (boots unavailable)
Stlth   ++........              l - amulet "Jipu No Jups" {RegenMP Int+2 SInv}
HPRegen 0.10/turn               k - ring "Feneug" {MP+9 Dex+4}
MPRegen 0.61/turn               m - ring "Utehyah" {Wiz Str+6}

@: constricted, quick
A: very small, claws 1, fangs 3, see invisible, speed 1, shaggy fur 2, stealthy
paws, no weapons or thrown items, no armour, multi-lived
a: Renounce Religion, Fiery Armour, Foxfire Swarm, Rising Flame


You were in the Dungeon.
You worshipped Ignis.
Ignis was extremely pleased with you.
You visited 1 branch You collected 360 gold pieces.
You spent 261 gold pieces at shops.

Inventory:

Jewellery
 k - the ring "Feneug" (left paw) {MP+9 Dex+4}
   (You bought it in a shop in the Dungeon)

   [ring of magical power]

   Dex:       It affects your dexterity (+4).
   MP:        It affects your magic capacity (+9).
 l - the amulet "Jipu No Jups" (around neck) {RegenMP Int+2 SInv}
   (You bought it in a shop in the Dungeon)

   [amulet of magic regeneration]

   It increases your rate of magic regeneration.
   Int:       It affects your intelligence (+2).
   SInv:      It lets you see invisible.
 m - the ring "Utehyah" (right paw) {Wiz Str+6}
   (You bought it in a shop in the Dungeon)

   [ring of wizardry]

   It improves your spell success rate.
   Str:       It affects your strength (+6).
Wands
 h - a wand of acid (5)
 i - a wand of iceblast (5)
Scrolls
 f - 4 scrolls of blinking
 j - 3 scrolls of fog
Potions
 a - a potion of curing
 b - 4 potions of heal wounds
 c - 4 potions of haste
 d - 2 potions of magic
 e - a potion of berserk rage
 g - a potion of resistance


   Skills:
 + Level 6.9 Fighting
 + Level 2.2 Dodging
 + Level 1.4 Stealth
 + Level 7.0 Unarmed Combat
 + Level 10.2 Spellcasting
 + Level 11.0 Fire Magic


You had 22 spell levels left.
You knew the following spells:

 Your Spells              Type           Power      Damage    Failure   Level
a - Scorch                Fire           100%       2d10      1%          2
b - Sandblast             Erth           20%        2d7       2%          1

Your spell library contained the following spells:

 Spells                   Type           Power      Damage    Failure   Level
 Passwall                 Tmut/Erth      8%         N/A       4%          2
 Stone Arrow              Conj/Erth      20%        3d8       9%          3


Dungeon Overview and Level Annotations

Branches:
Dungeon (1/1)

Altars:
Cheibriados
Dithmenos
Fedhas
Gozag
Kikubaaqudgha
Makhleb
Okawaru
Qazlal
Ru
Sif Muna
Trog
Uskayaw
Vehumet
Wu Jian
Xom
Yredelemnul
Zin
The Shining One
Beogh
Lugonu

Shops:
D *[??*?*:[((!!!!


Innate Abilities, Weirdness & Mutations

You have sharp claws.
You have razor-sharp teeth.
You have supernaturally acute eyesight. (SInv)
You cover ground quickly. (Speed+)
You are covered in thick fur. (AC +2)
Your paws help you pounce on unaware monsters.
You are incapable of wielding weapons or throwing items.
You cannot wear armour.
You gain extra lives every three experience levels.


Message History

The giant anaconda attacks as you move away!
The giant anaconda closely misses you. The giant anaconda bites you!
* * * LOW HITPOINT WARNING * * *
There is a staircase leading out of the dungeon here.
Casting: Scorch (safe; 1% risk of failure)
Confirm with . or Enter, or press ? or * to list all spells.
Flames lash the giant anaconda.
The giant anaconda is burned terribly!
The giant anaconda is moderately wounded.
The giant anaconda grabs you. The giant anaconda bites you!
You die...
The giant anaconda constricts you. The giant anaconda closely misses you.
The giant anaconda constricts you.
You are now level 6!
You rejoin the land of the living...
Something loses its grip on you.
Casting: Scorch (safe; 1% risk of failure)
Confirm with . or Enter, or press ? or * to list all spells.
Flames lash the giant anaconda.
The giant anaconda is burned terribly!
The giant anaconda is heavily wounded.
Casting: Scorch (safe; 1% risk of failure)
Confirm with . or Enter, or press ? or * to list all spells.
Flames lash the giant anaconda.
The giant anaconda is burned terribly!
The giant anaconda is severely wounded.
The giant anaconda grabs you. The giant anaconda bites you!
The giant anaconda constricts you. The giant anaconda bites you.
The giant anaconda constricts you.
Casting: Scorch (safe; 1% risk of failure)
Confirm with . or Enter, or press ? or * to list all spells.
Flames lash the giant anaconda.
The giant anaconda is burned terribly!
The giant anaconda is severely wounded.
The giant anaconda bites you. The giant anaconda constricts you.
* * * LOW HITPOINT WARNING * * *
The giant anaconda barely misses you. The giant anaconda constricts you.
* * * LOW HITPOINT WARNING * * *
Casting: Scorch (safe; 1% risk of failure)
Confirm with . or Enter, or press ? or * to list all spells.
Flames lash the giant anaconda.
The giant anaconda is burned terribly!
The giant anaconda is severely wounded.
The giant anaconda bites you!
You die...

##∩........8†# #.8........∩###
.............###.............##
..........###...###..........⌠#
..........# #.<.# #†.........⌠#
..........###...###..........⌠#
.............###.............##
##∩........8.# #.8........∩###
##∩__.......###S.....___∩##
######.8......@..8.######
#⌠...........⌠# ###.........###
#_......._# #_......._#
#_......._# #∩.......∩#
##∩.....∩## ##.....##


You could see a giant anaconda (combustible).

Vanquished Creatures
  A cane toad (D)
  A blink frog (D)
  A yak (D)
  A water moccasin (D)
  2 phantoms (D)
  4 bullfrogs (D)
  A necrophage (D)
  A jelly (D)
  A hell rat (D)
  2 river rats (D)
  An adder skeleton (D)
  3 endoplasms (D)
  A ball python skeleton (D)
  A ball python zombie (D)
21 creatures vanquished.

Vanquished Creatures (others)
  12 foxfires (D)
12 creatures vanquished.

Grand Total: 33 creatures vanquished

Notes
Turn   | Place    | Note
-------+----------+-------------------------------------------
     0 | D        | Anunax the Felid Cinder Acolyte began the quest for the
                  | Orb.
     0 | D        | Reached XP level 1. HP: 10/10 MP: 3/3
     4 | D        | Found a bloodstained altar of Trog.
     4 | D        | Found a corrupted altar of Lugonu.
     5 | D        | Found a shimmering altar of Xom.
     6 | D        | Found a stormy altar of Qazlal.
     6 | D        | Found Kelujut's Staff Store.
     6 | D        | Found Voiwk's Magic Scroll Shop.
     7 | D        | Found an ancient bone altar of Kikubaaqudgha.
     7 | D        | Found Ajuhoeh's Must-Have Magic.
     7 | D        | Found Roihues's Magic Scroll Shop.
     7 | D        | Round 1.
    25 | D        | Found a shadowy altar of Dithmenos.
    29 | D        | Found a glowing silver altar of Zin.
    29 | D        | Found a blossoming altar of Fedhas.
    29 | D        | Found Hiaqych's Jewellery.
    30 | D        | Found Utsulan's Advanced Armour.
    31 | D        | Found an iron altar of Okawaru.
    31 | D        | Found a glowing golden altar of the Shining One.
    31 | D        | Found Sior's Identification Station.
    37 | D        | Bought an ancient turquoise ring for 45 gold pieces
    37 | D        | Identified the ring "Feneug" {MP+9 Dex+4} (You bought it in
                  | a shop in the Dungeon)
    37 | D        | Bought a brightly glowing steel amulet for 45 gold pieces
    37 | D        | Identified the amulet "Jipu No Jups" {RegenMP Int+2 SInv}
                  | (You bought it in a shop in the Dungeon)
    37 | D        | Bought a scintillating turquoise ring for 45 gold pieces
    37 | D        | Identified the ring "Utehyah" {Wiz Str+6} (You bought it in
                  | a shop in the Dungeon)
    87 | D        | Noticed a jelly
    88 | D        | Killed a jelly
    89 | D        | Reached skill level 4 in Fire Magic
    89 | D        | Reached XP level 2. HP: 15/15 MP: 4/4
    89 | D        | Reached XP level 3. HP: 18/18 MP: 5/5
   112 | D        | Found a hide-covered altar of Uskayaw.
   175 | D        | Learned a level 2 spell: Scorch
   196 | D        | Arena points: 5 (+5) [x1]
   211 | D        | Round 2.
   217 | D        | Found Jeasias's Distillery.
   217 | D        | Found Meavyvi's Distillery.
   218 | D        | Found Hefumits's Bottled Wisdom.
   223 | D        | Found Xuxes's Do-It-Yourself Clinic.
   223 | D        | Found a snail-covered altar of Cheibriados.
   223 | D        | Found an opulent altar of Gozag.
   223 | D        | Found a radiant altar of Vehumet.
   231 | D        | Reached skill level 5 in Unarmed Combat
   235 | D        | Noticed a necrophage
   235 | D        | Noticed a phantom
   262 | D        | Found a sacrificial altar of Ru.
   263 | D        | Found a shimmering blue altar of Sif Muna.
   264 | D        | Found a basalt altar of Yredelemnul.
   264 | D        | Found an ornate altar of the Wu Jian Council.
   264 | D        | Found a burning altar of Makhleb.
   264 | D        | Found Hiamifunn's Premium Goods.
   264 | D        | Found Pegiuwno's Weapon Rack.
   266 | D        | Found Otiazit's Miscellaneous Merchandise.
   266 | D        | Found Eralies's Basic Armour.
   276 | D        | Noticed a phantom
   278 | D        | Killed a phantom
   279 | D        | Reached skill level 5 in Fighting
   279 | D        | Reached skill level 5 in Fire Magic
   279 | D        | Reached XP level 4. HP: 23/23 MP: 9/9
   281 | D        | Killed a necrophage
   282 | D        | Reached skill level 1 in Dodging
   282 | D        | Reached skill level 6 in Fire Magic
   282 | D        | Reached XP level 5. HP: 19/27 MP: 8/11
   282 | D        | Killed a phantom
   283 | D        | Reached skill level 7 in Fire Magic
   288 | D        | Arena points: 33 (+28) [x2]
   365 | D        | Round 3.
   387 | D        | Reached skill level 5 in Spellcasting
   387 | D        | Gained mutation: You are covered in thick fur. (AC +2)
                  | [Felid growth]
   387 | D        | Reached XP level 6. HP: 31/31 MP: 15/15
   422 | D        | Noticed a blink frog
   429 | D        | Killed a blink frog
   430 | D        | Reached skill level 9 in Fire Magic
   465 | D        | Reached skill level 1 in Stealth
   465 | D        | Reached XP level 7. HP: 35/35 MP: 18/18
   548 | D        | Arena points: 51 (+18) [x1]
   558 | D        | Bought a book of Geomancy for 126 gold pieces
   560 | D        | Learned a level 1 spell: Sandblast
   565 | D        | Round 4.
   595 | D        | Noticed a yak
   644 | D        | Killed a yak
   645 | D        | Reached skill level 10 in Fire Magic
   704 | D        | Noticed a cane toad
   713 | D        | Demolished by a cane toad
   714 | D        | Reached XP level 6. HP: -16/31 MP: 27/27
   714 | D        | Noticed a water moccasin
   720 | D        | Killed a cane toad
   721 | D        | Reached XP level 7. HP: 31/35 MP: 21/21
   722 | D        | Reached skill level 10 in Spellcasting
   722 | D        | Reached skill level 11 in Fire Magic
   727 | D        | Arena points: 107 (+56) [x2]
   777 | D        | Round 5.
   778 | D        | Noticed a giant anaconda
   784 | D        | Mangled by a giant anaconda
   785 | D        | Reached XP level 6. HP: -10/31 MP: 28/29
   790 | D        | Mangled by a giant anaconda

Illustrated notes

Levels and vault maps discovered:
D:        arena_sprint

Skill      XL: |  1  2  3  4  5  6  7 |
---------------+----------------------+-----
Fighting       | 4 5 6 |  6.9
Unarmed Combat | 4 5 6 7 |  7.0
Fire Magic     | 4 5 6 7 9 11 | 11.0
Spellcasting   | 2 3 5 9 10 | 10.2
Dodging        | 1 2 |  2.2
Stealth        | 1 |  1.4

Action                   |  1- 3 |  4- 6 |  7- 9 || total
-------------------------+-------+-------+-------++-------
Melee: Unarmed           |     4 |       |       ||     4
 Cast: Scorch            |    11 |    21 |    22 ||    54
Invok: Foxfire Swarm     |     1 |       |       ||     1
Dodge: Dodged            |     8 |     7 |     6 ||    21

Table legend: (Time is in decaauts)
 A = Elapsed time spent in this place.
 B = Non-inter-level travel time spent in this place.
 C = Inter-level travel time spent in this place.
 D = Time resting spent in this place.
 E = Time spent auto-exploring this place.
 F = Levels seen in this place.
 G = Mean time per level.
                   A        B        C        D        E       F      G
               +--------+--------+--------+--------+--------+-----+--------+
         Total |    727 |    727 |      0 |    342 |     84 |   1 |  727.0 |
       Dungeon |    727 |    727 |      0 |    342 |     84 |   1 |  727.0 |
               +--------+--------+--------+--------+--------+-----+--------+

Top non-repeatable levels by time:
       D: 727 daAuts
